 Dungeon Crawl Stone Soup version 0.30-a0-782-ge64f9170bb (webtiles) character file.

Game seed: 13352302898651557118

214 browni3141 the Slasher (level 5, -2/42 HPs)
             Began as a Barachi Delver on Feb 19, 2023.
             Slain by an adder (3 damage)
             ... on level 6 of the Dungeon.
             The game lasted 00:12:14 (1523 turns).

browni3141 the Slasher (Barachi Delver)             Turns: 1523, Time: 00:12:14

Health: -2/42      AC:  4    Str: 13    XL:     5   Next: 92%
Magic:  5/5        EV: 12    Int: 10    God:
Gold:   8          SH:  0    Dex: 16    Spells: 4/4 levels left

rFire   + . .      SeeInvis .    a - +0 falchion
rCold   . . .      Faith    .    (no shield)
rNeg    . . .      Spirit   .    b - +1 leather armour
rPois   .          Reflect  .    (no helmet)
rElec   .          Harm     .    (no cloak)
rCorr   .          Rampage  .    (no gloves)
Will    .....                    (no boots)
Stlth   +++                      (no amulet)
HPRegen 0.27/turn                i - ring of protection from fire
MPRegen 0.09/turn                (no ring)

@: unable to hop, invisible, slow
A: amphibious, slowness 1, strong legs 1, +LOS
a: Hop


You were on level 6 of the Dungeon.
You visited 1 branch of the dungeon, and saw 2 of its levels.
You also visited: Sewer.

You collected 8 gold pieces.

Inventory:

Hand Weapons
 a - a +0 falchion (weapon)
Armour
 b - a +1 leather armour (worn)
Jewellery
 i - a ring of protection from fire (left hand)
Wands
 g - a wand of digging (2)
Scrolls
 c - a scroll of fog
 d - a scroll of magic mapping
 h - a scroll of immolation {unknown}
 k - a scroll of blinking
 l - a scroll of fear
Potions
 e - a potion of flight {unknown}
 j - a potion of invisibility
 m - a potion of magic {unknown}


   Skills:
 - Level 3.6 Fighting
 * Level 7.1 Long Blades
 - Level 2.2 Dodging
 - Level 4.5 Stealth


You had 4 spell levels left.
You didn't know any spells.
Your spell library was empty.

Dungeon Overview and Level Annotations

Branches:
Dungeon (6/15)              Sewer (visited)
 Temple: D:4-7

Altars:

Annotations:
D:5 exclusions: adder and scorpion


Innate Abilities, Weirdness & Mutations

You are amphibious.
You cover ground slowly.
You can hop short distances.
You have an extended range of vision and can be seen from far away.


Message History

You feel sick. The adder bites you but does no damage.
The orc hits you with a +0 club.
You hit the adder but do no damage.
The adder is lightly wounded.
You feel sick. The adder closely misses you. The orc hits you with a +0 club.
You hit the adder.
The adder is severely wounded.
You feel sick. The adder barely misses you. The orc misses you.
The adder bites you.
You miss the adder.
The adder is severely wounded.
You feel sick. The adder bites you but does no damage.
You hit the adder.
The adder is almost dead.
You feel sick. The adder bites you but does no damage.
You miss the adder.
The adder is almost dead.
You feel sick. The adder closely misses you.
The orc wizard hits you with a +2 dagger of protection.
* * * LOW HITPOINT WARNING * * *
The adder misses you.
You closely miss the adder.
The adder is almost dead.
You feel sick. The adder completely misses you.
The orc wizard gestures wildly while chanting.
The orc wizard flickers and vanishes!
Deactivating autopickup; reactivate with Ctrl-A.
The orc wizard hits you with a +2 dagger of protection.
* * * LOW HITPOINT WARNING * * *
You hit the adder.
You kill the adder!
You feel sick.
You are no longer poisoned.
The orc wizard points at you and mumbles some strange words.
The puff of flame hits you. You resist.
* * * LOW HITPOINT WARNING * * *
It was a potion of invisibility.
You fade into invisibility!
The adder bites you.
You die...

#.#####....#
#.#~~~#....#
#.#~~~.....#
#.#~.~#....#
#l#~h~#....#
###5#5~~#....#
#oSB.#B##....#
#S#.......####
#@###S.####
#o# ##.# .{o
#.# ####. #.#
....# ####


You could see an iguana (unable to see you), an orc wizard (unable to see you),
2 adders, 2 orcs and an ufetubus (unable to see you).

Vanquished Creatures
  2 bullfrogs (Sewer)
  5 adders
  A river rat (Sewer)
  An orc (D:6)
  9 ball pythons (Sewer)
  2 frilled lizards (Sewer)
  19 rats (Sewer)
39 creatures vanquished.

Vanquished Creatures (others)
  2 plants (D:6)
2 creatures vanquished.

Grand Total: 41 creatures vanquished

Notes
Turn   | Place    | Note
-------+----------+-------------------------------------------
     0 | D:5      | browni3141 the Barachi Delver began the quest for the Orb.
     0 | D:5      | Reached XP level 1. HP: 18/18 MP: 1/1
    69 | D:5      | Noticed a scorpion
   121 | D:5      | Noticed an ogre
   121 | D:5      | Noticed an orc wizard
   168 | D:6      | Noticed a howler monkey
   182 | D:6      | Found a glowing drain.
   191 | D:6      | Noticed an iguana
   202 | D:6      | Noticed an orc wizard
   222 | Sewer    | Entered a sewer
   433 | Sewer    | Reached skill level 3 in Long Blades
   436 | Sewer    | Reached XP level 2. HP: 25/25 MP: 2/2
   667 | Sewer    | Reached skill level 4 in Long Blades
   667 | Sewer    | Reached XP level 3. HP: 22/30 MP: 3/3
   953 | Sewer    | Reached XP level 4. HP: 37/37 MP: 4/4
   968 | Sewer    | Reached skill level 5 in Long Blades
  1020 | Sewer    | Noticed a bullfrog
  1020 | Sewer    | Noticed a bullfrog
  1172 | Sewer    | Killed a bullfrog
  1173 | Sewer    | Reached skill level 6 in Long Blades
  1173 | Sewer    | Reached XP level 5. HP: 27/42 MP: 5/5
  1311 | Sewer    | Reached skill level 7 in Long Blades
  1522 | D:6      | HP: 1/42 [orc wizard/puff of flame (5)]
  1523 | D:6      | Slain by an adder

Illustrated notes

Levels and vault maps discovered:
D:5:      layout_basic, mainiacjoe_overflow_24_doors,
          nicolae_hepliaklqana_hippocampus
D:6:      layout_basic, mainiacjoe_overflow_alcove_2, vehumet_statue,
          minmay_temple_entry_overgrown, gup_sewer_entry_glass

Skill      XL: |  1  2  3  4  5 |
---------------+----------------+-----
Long Blades    | 3 4 6 7 |  7.1
Fighting       | |  3.6
Dodging        | |  2.2
Stealth        | |  4.5

Action                     |  1- 3 |  4- 6 || total
---------------------------+-------+-------++-------
  Melee: Falchion          |    78 |    55 ||   133
         Punch             |     2 |       ||     2
Ability: Hop               |     4 |     2 ||     6
  Evoke: Wand              |     1 |       ||     1
    Use: Scroll            |     1 |     2 ||     3
         Potion            |     1 |     1 ||     2
   Stab: Sleeping          |     1 |       ||     1
         Distracted        |       |     1 ||     1
 Armour: Leather armour    |    23 |    17 ||    40
  Dodge: Dodged            |    48 |    57 ||   105

Table legend: (Time is in decaauts)
 A = Elapsed time spent in this place.
 B = Non-inter-level travel time spent in this place.
 C = Inter-level travel time spent in this place.
 D = Time resting spent in this place.
 E = Time spent auto-exploring this place.
 F = Levels seen in this place.
 G = Mean time per level.
                   A        B        C        D        E       F      G
               +--------+--------+--------+--------+--------+-----+--------+
         Total |   1648 |   1648 |      0 |    394 |    341 |   3 |  549.3 |
       Dungeon |    265 |    265 |      0 |     10 |      0 |   2 |  132.5 |
         Sewer |   1383 |   1383 |      0 |    384 |    341 |   1 | 1383.0 |
               +--------+--------+--------+--------+--------+-----+--------+

Top non-repeatable levels by time:
   Sewer: 1383 daAuts
     D:5: 179 daAuts
     D:6: 85 daAuts
